 Dungeon Crawl Stone Soup version 0.25.0-9-g26727b657a (webtiles) character file.

Game seed: 15568416400385402483

42 Esekla the Chiller (level 3, 0/19 HPs)
             Began as a Deep Elf Wanderer on June 18, 2020.
             Slain by a shadow imp (3 damage)
             ... on level 3 of the Dungeon.
             The game lasted 00:12:20 (1900 turns).

Esekla the Chiller (Deep Elf Wanderer)              Turns: 1900, Time: 00:12:20

Health: 0/19       AC:  2    Str: 10    XL:     3   Next: 35%
Magic:  12/17      EV: 16    Int: 15    God:
Gold:   100        SH:  0    Dex: 15    Spells: 3/6 levels left

rFire    . . .     SeeInvis .   a - +1 dagger
rCold    . . .     Gourm    .   (no shield)
rNeg     . . .     Faith    .   d - +0 robe
rPois    .         Spirit   .   (no helmet)
rElec    .         Reflect  .   (no cloak)
rCorr    .         Harm     .   (no gloves)
MR       .....                  (no boots)
Stlth    +.........             (no amulet)
HPRegen  0.06/turn              b - +4 ring of evasion
MPRegen  0.15/turn              l - ring of magical power

@: very slightly contaminated
A: no striking features
a: no special abilities


You were on level 3 of the Dungeon.
You were very hungry.

You visited 1 branch of the dungeon, and saw 3 of its levels.

You collected 100 gold pieces.

Inventory:

Hand Weapons
 a - a +1 dagger (weapon)
Missiles
 i - 5 javelins
 n - 6 poisoned darts (quivered)
Armour
 d - a +0 robe (worn)
Jewellery
 b - a +4 ring of evasion (left hand)
 l - a ring of magical power (right hand)
Wands
 c - a wand of random effects (15)
Scrolls
 e - a scroll of remove curse
 h - a scroll of immolation {unknown}
Potions
 g - a potion of curing
Comestibles
 f - 4 rations


   Skills:
 + Level 0.5 Short Blades
 * Level 1.3 Dodging
 + Level 0.2 Stealth
 * Level 2.4 Spellcasting
 * Level 0.2 Conjurations
 - Level 3.0 Charms
   Level 3.2 Ice Magic
 + Level 2.3 Air Magic
 - Level 3.0 Evocations


You had 3 spell levels left.
You knew the following spells:

 Your Spells              Type           Power        Failure   Level  Hunger
a - Shock                 Conj/Air       #...         13%         1    #......
w - Swiftness             Chrm/Air       #.......     11%         2    ###....

Your spell library contained the following spells:

 Spells                   Type           Power        Failure   Level  Hunger
 Summon Small Mammal      Summ           #...         22%         1    #......
 Static Discharge         Conj/Air       #.......     36%         3    ###....
 Summon Guardian Golem    Hex/Summ       #.......     54%         3    ###....
 Airstrike                Air            #.........   63%         4    #####..
 Lightning Bolt           Conj/Air       #.........   98%         5    ######.


Dungeon Overview and Level Annotations

Branches:
Dungeon (3/15)

Altars:
Trog

Annotations:
D:3 1 runed translucent door, VeryBadPlayer's ghost, amateur DsWz


Message History

You miscast Shock.
Nothing appears to happen.
The shadow imp hits you but does no damage.
The kobold misses you.
Casting: Shock (safe; 13% risk of failure)
Confirm with . or Enter, or press ? or * to list all spells.
Aiming: Shock (safe; 13% risk of failure)
Press: ? - help, Shift-Dir - straight line The zap hits the shadow imp.
The shadow imp is lightly wounded.
The zap hits the shadow imp.
The shadow imp is lightly wounded.
The shadow imp barely misses you. The kobold closely misses you.
Casting: Shock (safe; 13% risk of failure)
Confirm with . or Enter, or press ? or * to list all spells.
Aiming: Shock (safe; 13% risk of failure)
Press: ? - help, Shift-Dir - straight line The zap hits the shadow imp.
The shadow imp is moderately wounded.
The zap misses the shadow imp.
The shadow imp hits you.
You die...

#.......# #.....
#.#####.# #.#
#.#####.###.####
##..............#
#######...####.###.##.#
#........#.# #.....##.#
####################...
#.....(.....(........##
#.(#..@#...#...#...#.#
#_...K5..............#
#..#...#...#...#...#.#
#......((............##
####################...
#.# #......# #.###
####.#### #......####.#
#.......# ######......#
#.##.##.# #......####.#


You could see a shadow imp and a kobold.

Vanquished Creatures
  An adder (D:3)
  A dart slug (D:1)
  3 leopard geckos
  2 goblins (D:1)
  A hobgoblin (D:1)
  6 jackals
  6 kobolds
  5 bats
  A frilled lizard (D:1)
  2 rats
28 creatures vanquished.

Notes
Turn   | Place    | Note
-------+----------+-------------------------------------------
     0 | D:1      | Esekla the Deep Elf Wanderer began the quest for the Orb.
     0 | D:1      | Esekla set off with the following items: a +0 dagger, a
                  | wand of random effects (15), a +0 robe, a ration; and the
                  | following spells available to memorise: Swiftness, Shock,
                  | Summon Small Mammal, Static Discharge, Summon Guardian
                  | Golem, Airstrike, Lightning Bolt
     0 | D:1      | Reached XP level 1. HP: 10/10 MP: 5/5
     2 | D:1      | Learned a level 1 spell: Shock
   417 | D:1      | Reached XP level 2. HP: 15/15 MP: 6/6
   500 | D:2      | Learned a level 2 spell: Swiftness
  1252 | D:1      | Reached skill level 1 in Dodging
  1260 | D:1      | Reached XP level 3. HP: 11/19 MP: 8/8
  1539 | D:3      | Found a runed translucent door.
  1552 | D:3      | Noticed VeryBadPlayer's ghost (amateur DsWz)
  1887 | D:3      | Found a bloodstained altar of Trog.
  1900 | D:3      | Slain by a shadow imp

Illustrated notes

Levels and vault maps discovered:
D:1:      dpeg_arrival_court, layout_rooms
D:2:      layout_basic, lemuel_crystal_altar, first_ration
D:3:      layout_loops_cross, lemuel_coloured_pillars_altar, led_sif_pool,
          portal_sewer_entry_d, ebering_ghost_sewer_f

Skill      XL: |  1  2 |
---------------+-------+-----
Evocations     | 3 |  3.0
Spellcasting   | 2 |  2.4
Dodging        | 1 |  1.3
Short Blades   | |  0.5
Stealth        | |  0.2
Conjurations   | |  0.2
Charms         | |  3.0
Ice Magic      | |  3.2
Air Magic      | |  2.3

Action                   || total
-------------------------++-------
Melee: Dagger            ||    62
 Cast: Shock             ||    41
  Use: Scroll            ||     5
  Eat: Chunk             ||     3
Armor: Robe              ||    30
Dodge: Dodged            ||   113
